 Dungeon Crawl Stone Soup version 0.30-a0-422-g946f4849ff (webtiles) character file.

Game seed: 5993633463570241645

22 pokeman the Magician (level 2, 0/16 HPs)
             Began as a Deep Elf Hedge Wizard on Dec 8, 2022.
             Slain by an adder (2 damage)
             ... on level 2 of the Dungeon.
             The game lasted 00:01:41 (1378 turns).

pokeman the Magician (Deep Elf Hedge Wizard)        Turns: 1378, Time: 00:01:41

Health: 0/16       AC:  2    Str:  7    XL:     2   Next: 68%
Magic:  3/9        EV: 12    Int: 18    God:
Gold:   44         SH:  0    Dex: 14    Spells: 9/10 levels left

rFire   . . .      SeeInvis .    e - +0 falchion
rCold   . . .      Faith    .    (no shield)
rNeg    . . .      Spirit   .    b - +0 robe
rPois   .          Reflect  .    c - +0 hat
rElec   .          Harm     .    (no cloak)
rCorr   .          Rampage  .    (no gloves)
Will    .....                    (no boots)
Stlth   ++........               (no amulet)
HPRegen 0.22/turn                (no ring)
MPRegen 0.11/turn                (no ring)

@: no status effects
A: no striking features
a: no special abilities


You were on level 2 of the Dungeon.
You visited 1 branch of the dungeon, and saw 2 of its levels.

You collected 44 gold pieces.

Inventory:

Hand Weapons
 e - a +0 falchion (weapon)
Armour
 b - a +0 robe (worn)
 c - a +0 hat (worn)
Magical Staves
 k - a staff of poison
Scrolls
 a - 2 scrolls of magic mapping {unknown}
 f - a scroll of identify {unknown}
 l - a scroll of immolation {unknown}
 m - a scroll of teleportation {unknown}
Potions
 d - a potion of magic
 g - a potion of lignification {unknown}
 h - a potion of curing {unknown}
 i - a potion of heal wounds {unknown}
 j - a potion of invisibility {unknown}


   Skills:
 + Level 0.6 Fighting
 + Level 0.6 Armour
 - Level 2.4 Dodging
 - Level 2.4 Stealth
 * Level 4.9 Spellcasting
 + Level 1.6 Conjurations
 - Level 1.1 Summonings
 - Level 1.1 Translocations


You had 9 spell levels left.
You knew the following spells:

 Your Spells              Type           Power      Damage    Failure   Level
a - Magic Dart            Conj           40%        1d5       7%          1

Your spell library contained the following spells:

 Spells                   Type           Power      Damage    Failure   Level
 Blink                    Tloc           16%        N/A       13%         2
 Call Imp                 Summ           8%         N/A       13%         2
 Slow                     Hex            16%        N/A       14%         1
 Cigotuvi's Dreadful Rot  Necr/Pois/Air  8%         N/A       21%         2
 Gell's Gravitas          Tloc           8%         N/A       26%         3
 Lesser Beckoning         Tloc           16%        N/A       26%         3
 Teleport Other           Tloc           8%         N/A       26%         3
 Mephitic Cloud           Conj/Pois/Air  6%         N/A       32%         3


Dungeon Overview and Level Annotations

Branches:
Dungeon (2/15)

Altars:

Shops:
D:1 (


Message History

The magic dart hits the adder but does no damage.
The adder is moderately wounded.
You feel sick. The adder misses you.
Casting: Magic Dart (safe; 7% risk of failure)
Confirm with . or Enter, or press ? or * to list all spells.
Aiming: Magic Dart (safe; 7% risk of failure)
Press: ? - help, Shift-Dir - straight line, f/p - adder
Aim: an adder (moderately wounded, 100% to hit)
You miscast Magic Dart.
Nothing appears to happen.
You feel sick. The adder bites you. The rat bites you but does no damage.
Unknown command.
The adder attacks as you move away! The adder barely misses you.
You feel sick. The adder attacks as you move away!
The adder closely misses you.
You feel sick.
The adder hisses angrily.
The adder bites you but does no damage.
You see here a +0 mace.
The adder attacks as you move away! The adder closely misses you.
You feel sick.
You are no longer poisoned.
A hobgoblin comes into view.
The adder attacks as you move away! The adder bites you but does no damage.
The adder attacks as you move away! The adder bites you but does no damage.
The adder barely misses you. The adder attacks as you move away!
The adder bites you.
You are poisoned.
The adder poisons you!
You feel sick. The bat closely misses you.
You hit the bat.
You kill the bat!
You feel sick. The adder barely misses you.
Your magical contamination has completely faded away.
You feel sick.
You hit the adder.
The adder is heavily wounded.
You feel sick. The adder barely misses you. The adder completely misses you.
You feel sick.
You are no longer poisoned.
There is a stone staircase leading up here.
The adder bites you.
You die...

################
#....@SS†r.....#
#.#######gg.##.#
##.#.##
###)....#
#...###....#
.....S#g# .#..#
.#......# ....
....#..†) ..#.
##.....##.


You could see 2 adders, 2 hobgoblins and a rat.

Vanquished Creatures
  A dart slug (D:1)
  3 giant cockroaches (D:1)
  A goblin (D:1)
  2 quokkas
  3 ball pythons (D:1)
  3 bats
  2 frilled lizards
  3 kobolds
  A rat (D:1)
19 creatures vanquished.

Notes
Turn   | Place    | Note
-------+----------+-------------------------------------------
     0 | D:1      | pokeman the Deep Elf Hedge Wizard began the quest for the
                  | Orb.
     0 | D:1      | Reached XP level 1. HP: 10/10 MP: 7/7
   470 | D:1      | Reached XP level 2. HP: 15/16 MP: 2/9
   786 | D:1      | Found Gako Fae's Weapon Shoppe.
  1378 | D:2      | Slain by an adder

Illustrated notes

Levels and vault maps discovered:
D:1:      elethiomel_arrival_shortcut, layout_loops_ring, serial_shops, shop,
          kennysheep_minor_cross
D:2:      layout_loops_ring, minmay_fractal_squares_5

Action                   || total
-------------------------++-------
Melee: Dagger            ||     2
       Falchion          ||     2
 Cast: Magic Dart        ||    58
Armor: Robe              ||     6
Dodge: Dodged            ||    26

Table legend: (Time is in decaauts)
 A = Elapsed time spent in this place.
 B = Non-inter-level travel time spent in this place.
 C = Inter-level travel time spent in this place.
 D = Time resting spent in this place.
 E = Time spent auto-exploring this place.
 F = Levels seen in this place.
 G = Mean time per level.
                   A        B        C        D        E       F      G
               +--------+--------+--------+--------+--------+-----+--------+
         Total |   1377 |   1344 |     33 |     63 |   1161 |   2 |  688.5 |
       Dungeon |   1377 |   1344 |     33 |     63 |   1161 |   2 |  688.5 |
               +--------+--------+--------+--------+--------+-----+--------+

Top non-repeatable levels by time:
     D:1: 1312 daAuts
     D:2: 65 daAuts
